 Dungeon Crawl Stone Soup version 0.19-a0-414-g76fec5b (webtiles) character file.

214 Delvonshi the Conjurer (level 5, -1/35 HPs)
             Began as a Demonspawn Conjurer on May 31, 2016.
             Slain by Ijyb
             ... wielding a +1 dagger of electrocution
              (10 damage)
             ... on level 3 of the Dungeon.
             The game lasted 00:06:01 (2965 turns).

Delvonshi the Conjurer (Demonspawn Conjurer)        Turns: 2965, Time: 00:06:04

Health: -1/35      AC:  7    Str:  9    XL:     5   Next: 59%
Magic:  11/11      EV: 12    Int: 17    God:
Gold:   135        SH:  0    Dex: 13    Spells: 1 memorised, 11 levels left

rFire  . . .     SeeInvis .     l - +4 quarterstaff (chaos)
rCold  + + .     Gourm    .     a - +0 robe
rNeg   . . .     Faith    .     (shield currently unavailable)
rPois  +         Spirit   .     t - +0 helmet
rElec  .         Dismiss  .     k - +2 cloak {MR+}
rCorr  .         Reflect  .     (no gloves)
SustAt .         Harm     .     u - +0 pair of boots
MR     +....                    (no amulet)
Stlth  ++........               (no ring)
                                (no ring)

@: somewhat resistant to hostile enchantments, unstealthy
A: talons 1, cold resistance 2, poison resistance, wild magic 1
a: no special abilities


You were on level 3 of the Dungeon.
You were not hungry.

You visited 1 branch of the dungeon, and saw 3 of its levels.

You collected 135 gold pieces.

Inventory:

Hand Weapons
 l - a +4 quarterstaff of chaos (weapon)
Missiles
 s - 2 tomahawks of returning (quivered)
Armour
 a - a +0 robe (worn)
 k - a +2 cloak of magic resistance (worn)
 t - a +0 helmet (worn)
 u - a +0 pair of boots (worn)
Jewellery
 n - an uncursed ring of sustain attributes {unknown}
Scrolls
 d - a scroll of remove curse
 e - 2 scrolls of amnesia {unknown}
 g - a scroll of magic mapping {unknown}
 h - 2 scrolls of teleportation {unknown}
 i - a scroll of immolation {unknown}
 o - a scroll of enchant armour {unknown}
 p - a scroll of identify {unknown}
 r - a scroll of recharging {unknown}
Potions
 m - a potion of might {unknown}
 v - a potion of haste {unknown}
Books
 b - a book of Conjurations

   Spells                             Type                      Level
   a - Magic Dart                     Conjuration                  1
   b - Searing Ray                    Conjuration                  2
   c - Dazzling Spray                 Conjuration/Hexes            3
   d - Fulminant Prism                Conjuration/Hexes            4
   e - Iskenderun's Mystic Blast      Conjuration                  4
   f - Iskenderun's Battlesphere      Conjuration/Charms           5
Comestibles
 c - 3 bread rations
 f - 2 meat rations
 q - a beef jerky


   Skills:
 - Level 1.7 Dodging
 - Level 1.7 Stealth
 + Level 4.2 Spellcasting
 + Level 5.5 Conjurations


You had 11 spell levels left.
You knew the following spells:

 Your Spells              Type           Power        Failure   Level  Hunger
a - Magic Dart            Conj           ####         2%          1    None


Dungeon Overview and Level Annotations

Branches:
Dungeon (3/15)

Altars:
Cheibriados

Annotations:
D:3 Ijyb


Innate Abilities, Weirdness & Mutations

You have sharp toenails.
Your flesh is very cold resistant. (rC++)
Your system is resistant to poisons. (rPois)
Your spells are a little harder to cast, but a little more powerful.


Message History

* * * LOW HITPOINT WARNING * * *
Ijyb misses you.
You completely miss Ijyb.
Ijyb is moderately wounded.
Ijyb misses you.
You hit Ijyb.
Space bends around Ijyb.
Ijyb is heavily wounded.
Ijyb drinks a potion.
Ijyb is healed!
You closely miss Ijyb.
Ijyb is lightly wounded.
Ijyb barely misses you. x2
Ijyb screams, "I dance on your bones!"
Okay, then.
It was a potion of mutation.
You feel extremely strange.
You feel less in control of your magic.
You feel resistant to poisons.
You feel more resistant to cold.
Ijyb hits you with a dagger of electrocution.
* * * LOW HITPOINT WARNING * * *
You are electrocuted!
You die...

##......(# #...##.... ##.......#
##### ##......##. ##..#.....##
#...###.......... .. #.......#
♣#♣.♣.........#.... ...#.......#
#.....#.......#.(##
...#g......###♣.♣#♣##.##....#.##
..........###.........##......#
.$##.#...## #.♣.♣.....###.##.##
. #..#######..g@....##......#
##................##....###
#########........##....#
#........##..)## #......<.##...#
#........##...# ###########...#
#...# #...#


You could see Ijyb.

Vanquished Creatures
  A howler monkey (D:3)
  A crimson imp (D:3)
  Crazy Yiuf (D:2)
  Jessica (D:3)
  An orc wizard (D:3)
  An adder (D:3)
  A worm (D:3)
  2 dart slugs
  2 orcs (D:3)
  A ball python (D:3)
  6 bats
  A giant cockroach (D:3)
  6 goblins
  8 hobgoblins
  2 quokkas (D:2)
  4 giant newts
  6 kobolds
  2 rats
  A fungus (D:2)
48 creatures vanquished.

Notes
Turn   | Place    | Note
--------------------------------------------------------------
     0 | D:1      | Delvonshi the Demonspawn Conjurer began the quest for the Orb.
     0 | D:1      | Reached XP level 1. HP: 13/13 MP: 3/3
   749 | D:1      | Gained mutation: Your flesh is cold resistant. (rC+) [demonic ancestry]
   749 | D:1      | Reached XP level 2. HP: 13/19 MP: 3/5
  1219 | D:1      | You fall through a shaft!
  1352 | D:2      | Noticed Crazy Yiuf
  1373 | D:2      | Killed Crazy Yiuf
  1373 | D:2      | Gained mutation: You have sharp toenails. [demonic ancestry]
  1373 | D:2      | Reached XP level 3. HP: 24/24 MP: 0/7
  1555 | D:2      | Found a snail-covered altar of Cheibriados.
  2240 | D:3      | Noticed Jessica
  2259 | D:3      | Killed Jessica
  2259 | D:3      | Reached XP level 4. HP: 23/30 MP: 5/9
  2275 | D:3      | Reached skill level 5 in Conjurations
  2320 | D:3      | Reached XP level 5. HP: 29/35 MP: 10/10
  2939 | D:3      | Noticed Ijyb
  2965 | D:3      | Gained mutation: Your spells are a little harder to cast, but a little more powerful. [potion of mutation]
  2965 | D:3      | Gained mutation: Your system is resistant to poisons. (rPois) [potion of mutation]
  2965 | D:3      | Gained mutation: Your flesh is very cold resistant. (rC++) [potion of mutation]
  2965 | D:3      | Slain by Ijyb

Vault maps used:
D:1:      sevenhm_arrival_forest_fort_large_4, dk_noncrumbling_4
D:2:      cheibriados_altar_1, uniq_crazy_yiuf_cottage
D:3:      serial_forest, infiniplex_forest_straight_2,
          infiniplex_forest_clump_medium, infiniplex_forest_zigzag_1,
          infiniplex_forest_lined_corner, infiniplex_forest_lined_ring,
          infiniplex_forest_clump_medium, infiniplex_forest_straight_5,
          ecumenical_altar_2, uniq_jessica, uniq_iyjb

Skill      XL: |  1  2  3  4  5 |
---------------+----------------+-----
Spellcasting   | 3 4 |  4.2
Conjurations   | 5 |  5.5
Dodging        | |  1.7
Stealth        | |  1.7

Action                   |  1- 3 |  4- 6 || total
-------------------------+-------+-------++-------
Melee: Unarmed           |    18 |       ||    18
       Mace              |    15 |       ||    15
       Quarterstaff      |    26 |    52 ||    78
       Kick              |     1 |     6 ||     7
 Cast: Magic Dart        |    29 |    22 ||    51
  Use: Scroll            |     1 |       ||     1
       Potion            |       |     1 ||     1
 Stab: Sleeping          |     1 |       ||     1
  Eat: Chunk             |     4 |     3 ||     7
Armor: Robe              |    24 |    21 ||    45
Dodge: Dodged            |    38 |    48 ||    86
